| TOP OF THE 1ST |
|
Pittsburgh Pirates batting - Pitching for Miami Marlins : RHP Brian Glover
|
|
Pitching: RHP Brian Glover
|
|
|
Batting: RHB Eisse Bravenboer
|
0-0: Called Strike 0-1: Ball 1-1: Called Strike 1-2: Ball 2-2: Ball 3-2: DOUBLE (Line Drive, 9LM, EV 108.8 MPH)
|
|
Batting: RHB Mike Bates
|
0-0: Called Strike 0-1: Swinging Strike 0-2: Foul Ball, location: 2F 0-2: Ball 1-2: Ball 2-2: Strikes out looking
|
|
Batting: RHB Vincent Poopwell
|
0-0: Called Strike 0-1: Ground out 1-3 (Groundball, 15S, EV 68.8 MPH)
|
|
Batting: RHB Steve Jordan
|
0-0: Ball 1-0: Ball 2-0: Swinging Strike 2-1: Ground out 6-3 (Groundball, 6, EV 102.5 MPH)
|
| Top of the 1st over - 0 runs, 1 hit, 0 errors, 1 left on base; Pittsburgh 0 - Miami 0 |
| BOTTOM OF THE 1ST |
|
Miami Marlins batting - Pitching for Pittsburgh Pirates : RHP Isaburo Ishihara
|
|
Pitching: RHP Isaburo Ishihara
|
|
|
Batting: RHB Jeff Garofalo
|
0-0: Fly out, F7 (Flyball, 7LM, EV 106.9 MPH)
|
|
Batting: RHB Micah Christopher
|
0-0: Fly out, F7 (Flyball, 7S, EV 77.5 MPH)
|
|
Batting: LHB Andre Gorter
|
0-0: Ball 1-0: Ball 2-0: Ground out U3 (Groundball, 13, EV 83.8 MPH)
|
| Bottom of the 1st over - 0 runs, 0 hits, 0 errors, 0 left on base; Pittsburgh 0 - Miami 0 |
| TOP OF THE 2ND |
|
Pittsburgh Pirates batting - Pitching for Miami Marlins : RHP Brian Glover
|
|
Batting: LHB Theodore Conboy
|
0-0: Foul Ball, location: 2F 0-1: Called Strike 0-2: SOLO HOME RUN (Flyball, 7D, EV 96.3 MPH), Distance : 372 ft
|
|
Pitching: LHP Patrick Meesters
|
|
|
Batting: RHB Tommie Eaton
|
0-0: SINGLE (Groundball, 4MD, EV 104.4 MPH)
|
|
Batting: RHB Raul Mendoza
|
0-0: Ball 1-0: Ball 2-0: Foul Ball, location: 2F 2-1: Swinging Strike 2-2: SINGLE (Line Drive, 7LS, EV 104.4 MPH) Tommie Eaton to second
|
|
Batting: RHB Andrew Robinson
|
0-0: Called Strike 0-1: Ball 1-1: Ball 2-1: Swinging Strike 2-2: Foul Ball, location: 2F 2-2: Fly out, F9 (Flyball, 9, EV 91.3 MPH)
|
|
Batting: RHB Mike Thornton
|
0-0: Called Strike 0-1: Ball 1-1: Foul Ball, location: 2F 1-2: Foul Ball, location: 2F 1-2: Ball 2-2: DOUBLE (Line Drive, 7LM, EV 108.1 MPH) Tommie Eaton scores Raul Mendoza to third Runner from 3rd tries for Home, throw by LF and OUT! 7-6-2 Mike Thornton to third
|
|
Batting: RHB Eisse Bravenboer
|
0-0: Called Strike 0-1: Ball 1-1: Ball 2-1: Foul Ball, location: 2F 2-2: Foul Ball, location: 2F 2-2: Foul Ball, location: 2F 2-2: Ball 3-2: Foul Ball, location: 2F 3-2: Base on Balls
|
|
Batting: RHB Mike Bates
|
0-0: Ball 1-0: Ball 2-0: Swinging Strike 2-1: Called Strike 2-2: Strikes out looking
|
| Top of the 2nd over - 2 runs, 4 hits, 0 errors, 2 left on base; Pittsburgh 2 - Miami 0 |
| BOTTOM OF THE 2ND |
|
Miami Marlins batting - Pitching for Pittsburgh Pirates : RHP Isaburo Ishihara
|
|
Batting: RHB Jimmy Groseclose
|
0-0: Ball 1-0: Called Strike 1-1: Foul Ball, location: 2F 1-2: Foul Ball, location: 2F 1-2: SINGLE (Line Drive, 78S, EV 110.6 MPH)
|
|
Batting: RHB Roger Salazar
|
0-0: Called Strike 0-1: Ball 1-1: Fly out, F5 (Line Drive, 5, EV 67.5 MPH)
|
|
Batting: RHB Justin Huff
|
0-0: Ball 1-0: Grounds out, U3 (Groundball, 3L, EV 101.9 MPH)
|
|
Batting: RHB Seth Tramontano
|
0-0: Ball 1-0: Ball 2-0: Ball 3-0: Called Strike 3-1: Base on Balls
|
|
Batting: RHB Josh Crenwelge
|
0-0: Ball 1-0: Ball 2-0: Ball 3-0: Base on Balls Jimmy Groseclose to third Seth Tramontano to second
|
|
Batting: RHB Eric Jordan
|
0-0: Hit by Pitch Jimmy Groseclose scores Seth Tramontano to third Josh Crenwelge to second
|
|
Batting: RHB Jeff Garofalo
|
0-0: Ball 1-0: Ball 2-0: Foul Ball, location: 2F 2-1: Ball 3-1: Swinging Strike 3-2: DOUBLE (Flyball, 8LXD, EV 93.8 MPH) Seth Tramontano scores Josh Crenwelge scores Eric Jordan to third Eric Jordan scores
|
|
Batting: RHB Micah Christopher
|
0-0: SINGLE (Line Drive, 7S, EV 92.5 MPH) Jeff Garofalo to third Runner from 3rd tries for Home, SAFE, throw by LF to home
|
|
Batting: LHB Andre Gorter
|
0-0: Ball 1-0: Foul Ball, location: 2F 1-1: Fly out, F7 (Flyball, 78XD, EV 101.9 MPH)
|
| Bottom of the 2nd over - 5 runs, 3 hits, 0 errors, 1 left on base; Pittsburgh 2 - Miami 5 |
| TOP OF THE 3RD |
|
Pittsburgh Pirates batting - Pitching for Miami Marlins : LHP Patrick Meesters
|
|
Batting: RHB Vincent Poopwell
|
0-0: Ball 1-0: Ball 2-0: Ball 3-0: Base on Balls
|
|
Batting: RHB Steve Jordan
|
0-0: Ball 1-0: Ball 2-0: Foul Ball, location: 2F 2-1: Ball 3-1: SINGLE (Groundball, 5L, EV 91.3 MPH) (infield hit) Vincent Poopwell to second
|
|
Batting: LHB Theodore Conboy
|
0-0: Ball 1-0: Foul Ball, location: 2F 1-1: Fielders Choice at 2nd, 4-6 (Groundball, 4M, EV 89.4 MPH) Vincent Poopwell to third
|
|
Batting: RHB Tommie Eaton
|
0-0: Ball 1-0: Foul Ball, location: 2F 1-1: Ball 2-1: Ball 3-1: Ground out 6-3 (Groundball, 6S, EV 63.1 MPH) Vincent Poopwell scores Theodore Conboy to second
|
|
Batting: RHB Raul Mendoza
|
0-0: Called Strike 0-1: Foul Ball, location: 2F 0-2: Foul Ball, location: 2F 0-2: Ball 1-2: Foul Ball, location: 2F 1-2: Strikes out swinging
|
| Top of the 3rd over - 1 run, 1 hit, 0 errors, 1 left on base; Pittsburgh 3 - Miami 5 |
| BOTTOM OF THE 3RD |
|
Miami Marlins batting - Pitching for Pittsburgh Pirates : RHP Isaburo Ishihara
|
|
Batting: RHB Jimmy Groseclose
|
0-0: Ball 1-0: Called Strike 1-1: Ball 2-1: Ball 3-1: Base on Balls
|
|
Batting: RHB Roger Salazar
|
0-0: Foul Ball, location: 2F 0-1: Ball 1-1: Ball 2-1: Foul Ball, location: 2F 2-2: DOUBLE (Line Drive, 7LS, EV 101.9 MPH) Jimmy Groseclose to third
|
|
Pitching: RHP Curt Campbell
|
|
|
Batting: RHB Justin Huff
|
0-0: Ball 1-0: Foul Ball, location: 2F 1-1: SINGLE (Groundball, 4MD, EV 107.5 MPH) Jimmy Groseclose scores Roger Salazar to third Throwing error, E8 Roger Salazar scores Justin Huff to second
|
|
Batting: RHB Seth Tramontano
|
0-0: Called Strike 0-1: Ball 1-1: Ground out 6-3 (Groundball, 6, EV 95.0 MPH)
|
|
Batting: RHB Josh Crenwelge
|
0-0: Ball Justin Huff steals 3rd base 1-0: Foul Ball, location: 2F 1-1: Ball 2-1: Called Strike 2-2: SINGLE (Line Drive, 9LS, EV 100.6 MPH) Justin Huff scores
|
|
Pitching: RHP Josh Allport
|
|
|
Batting: RHB Eric Jordan
|
0-0: Called Strike 0-1: Grounds into double play, 3-6-1 (Groundball, 34S, EV 79.4 MPH)
|
| Bottom of the 3rd over - 3 runs, 3 hits, 1 error, 0 left on base; Pittsburgh 3 - Miami 8 |
| TOP OF THE 4TH |
|
Pittsburgh Pirates batting - Pitching for Miami Marlins : LHP Patrick Meesters
|
|
Batting: RHB Andrew Robinson
|
0-0: Foul Ball, location: 2F 0-1: Ball 1-1: Ground out 4-3 (Groundball, 4M, EV 91.9 MPH)
|
|
Batting: RHB Mike Thornton
|
0-0: Called Strike 0-1: Reached via error on a dropped throw from SS, E3 (Groundball, 6M, EV 77.5 MPH)
|
|
Batting: RHB Eisse Bravenboer
|
0-0: Fly out, F9 (Flyball, 89D, EV 90.6 MPH)
|
|
Batting: RHB Mike Bates
|
0-0: Ball 1-0: Ball 2-0: 2-RUN HOME RUN (Flyball, 9D, EV 93.8 MPH), Distance : 374 ft
|
|
Batting: RHB Vincent Poopwell
|
0-0: Called Strike 0-1: SOLO HOME RUN (Flyball, 7LD, EV 101.3 MPH), Distance : 372 ft
|
|
Pitching: LHP Jordan Hernandez
|
|
|
Batting: RHB Steve Jordan
|
0-0: Ball 1-0: Ball 2-0: Called Strike 2-1: Ball 3-1: SINGLE (Line Drive, 9LS, EV 102.5 MPH)
|
|
Batting: LHB Theodore Conboy
|
0-0: Ball 1-0: Ball 2-0: Called Strike 2-1: Foul Ball, location: 2F 2-2: Foul Ball, location: 2F 2-2: Fly out, F6 (Flyball, 6D, EV 79.4 MPH)
|
| Top of the 4th over - 3 runs, 3 hits, 1 error, 1 left on base; Pittsburgh 6 - Miami 8 |
| BOTTOM OF THE 4TH |
|
Miami Marlins batting - Pitching for Pittsburgh Pirates : RHP Josh Allport
|
|
Batting: RHB Jeff Garofalo
|
0-0: Foul Ball, location: 2F 0-1: Ball 1-1: Ball 2-1: Called Strike 2-2: Ball 3-2: Base on Balls
|
|
Batting: RHB Micah Christopher
|
0-0: Called Strike 0-1: Ball 1-1: Ball 2-1: Foul Ball, location: 2F 2-2: Foul Ball, location: 2F 2-2: Foul Ball, location: 2F 2-2: Ball Jeff Garofalo steals 2nd base (no throw) 3-2: Fly out, F7 (Flyball, 78M, EV 86.9 MPH)
|
|
Batting: LHB Andre Gorter
|
0-0: Ball 1-0: Swinging Strike 1-1: Called Strike 1-2: Ball 2-2: Ball 3-2: Base on Balls
|
|
Batting: RHB Jimmy Groseclose
|
0-0: Called Strike Jeff Garofalo steals 3rd base Andre Gorter to second 0-1: Ground out 5-3 (Groundball, 56S, EV 68.8 MPH) Jeff Garofalo scores Andre Gorter to third
|
|
Batting: RHB Roger Salazar
|
0-0: Ball 1-0: Foul Ball, location: 2F 1-1: Swinging Strike 1-2: Ball 2-2: Ground out 6-3 (Groundball, 6, EV 81.3 MPH)
|
| Bottom of the 4th over - 1 run, 0 hits, 0 errors, 1 left on base; Pittsburgh 6 - Miami 9 |
| TOP OF THE 5TH |
|
Pittsburgh Pirates batting - Pitching for Miami Marlins : LHP Jordan Hernandez
|
|
Batting: RHB Tommie Eaton
|
0-0: Foul Ball, location: 2F 0-1: Ground out U3 (Groundball, 3S, EV 84.4 MPH)
|
|
Batting: RHB Raul Mendoza
|
0-0: Called Strike 0-1: Ball 1-1: Called Strike 1-2: Foul Ball, location: 2F 1-2: Foul Ball, location: 2F 1-2: Foul Ball, location: 2F 1-2: Foul Ball, location: 2F 1-2: Ground out 4-3 (Groundball, 4, EV 85.0 MPH)
|
|
Batting: RHB Andrew Robinson
|
0-0: Called Strike 0-1: Ball 1-1: Swinging Strike 1-2: Foul Ball, location: 2F 1-2: Ball 2-2: Ball 3-2: Ground out U3 (Groundball, 23, EV 84.4 MPH)
|
| Top of the 5th over - 0 runs, 0 hits, 0 errors, 0 left on base; Pittsburgh 6 - Miami 9 |
| BOTTOM OF THE 5TH |
|
Miami Marlins batting - Pitching for Pittsburgh Pirates : RHP Josh Allport
|
|
Batting: RHB Justin Huff
|
0-0: Called Strike 0-1: Foul Ball, location: 2F 0-2: Ground out 5-3 (Groundball, 56, EV 85.6 MPH)
|
|
Batting: RHB Seth Tramontano
|
0-0: Ground out U3 (Groundball, 3, EV 83.8 MPH)
|
|
Batting: RHB Josh Crenwelge
|
0-0: Ground out 6-3 (Groundball, 6, EV 84.4 MPH)
|
| Bottom of the 5th over - 0 runs, 0 hits, 0 errors, 0 left on base; Pittsburgh 6 - Miami 9 |
| TOP OF THE 6TH |
|
Pittsburgh Pirates batting - Pitching for Miami Marlins : LHP Jordan Hernandez
|
|
Batting: RHB Mike Thornton
|
0-0: Ball 1-0: Ball 2-0: Fly out, F7 (Flyball, 78M, EV 82.5 MPH)
|
|
Batting: RHB Eisse Bravenboer
|
0-0: Ball 1-0: Ball 2-0: Ball 3-0: Base on Balls
|
|
Batting: RHB Mike Bates
|
0-0: Ball 1-0: Ball Wild Pitch! Eisse Bravenboer to second 2-0: Ground out 4-3 (Groundball, 4, EV 91.3 MPH) Eisse Bravenboer to third
|
|
Batting: RHB Vincent Poopwell
|
0-0: Ground out 1-3 (Groundball, 13S, EV 75.0 MPH)
|
| Top of the 6th over - 0 runs, 0 hits, 0 errors, 1 left on base; Pittsburgh 6 - Miami 9 |
| BOTTOM OF THE 6TH |
|
Miami Marlins batting - Pitching for Pittsburgh Pirates : RHP Josh Allport
|
|
Batting: RHB Eric Jordan
|
0-0: Called Strike 0-1: Fly out, F9 (Line Drive, 9D, EV 88.8 MPH)
|
|
Batting: RHB Jeff Garofalo
|
0-0: Ball 1-0: Foul Ball, location: 2F 1-1: Ball 2-1: Ground out 6-3 (Groundball, 6, EV 85.6 MPH)
|
|
Batting: RHB Micah Christopher
|
0-0: Foul Ball, location: 2F 0-1: Foul Ball, location: 2F 0-2: Strikes out swinging
|
| Bottom of the 6th over - 0 runs, 0 hits, 0 errors, 0 left on base; Pittsburgh 6 - Miami 9 |
| TOP OF THE 7TH |
|
Pittsburgh Pirates batting - Pitching for Miami Marlins : LHP Jordan Hernandez
|
|
Pitching: LHP Paul Cantrell
|
|
|
Batting: RHB Steve Jordan
|
0-0: Ball 1-0: Ball 2-0: Called Strike 2-1: Ground out 6-3 (Groundball, 6D, EV 87.5 MPH)
|
|
Batting: LHB Theodore Conboy
|
0-0: Called Strike 0-1: Ball 1-1: Fly out, F9 (Flyball, 9D, EV 81.9 MPH)
|
|
Batting: RHB Tommie Eaton
|
0-0: Ball 1-0: SINGLE (Line Drive, 78M, EV 105.0 MPH)
|
|
Batting: RHB Raul Mendoza
|
0-0: Ball 1-0: Called Strike 1-1: Ball 2-1: Ball 3-1: Base on Balls Tommie Eaton to second
|
|
Batting: RHB Andrew Robinson
|
0-0: Ball 1-0: Called Strike 1-1: Fly out, F8 (Line Drive, 8LM, EV 90.6 MPH)
|
| Top of the 7th over - 0 runs, 1 hit, 0 errors, 2 left on base; Pittsburgh 6 - Miami 9 |
| BOTTOM OF THE 7TH |
|
Miami Marlins batting - Pitching for Pittsburgh Pirates : RHP Josh Allport
|
|
Pitching: RHP Kody Mason
|
|
|
Batting: LHB Andre Gorter
|
0-0: Called Strike 0-1: Ball 1-1: Ball 2-1: Ball 3-1: Base on Balls
|
|
Batting: RHB Jimmy Groseclose
|
0-0: Ball Andre Gorter steals 2nd base (no throw) 1-0: Ball Andre Gorter steals 3rd base 2-0: Called Strike 2-1: SINGLE (Groundball, 6D, EV 98.1 MPH) Andre Gorter scores
|
|
Batting: RHB Roger Salazar
|
0-0: Swinging Strike 0-1: Called Strike 0-2: DOUBLE (Flyball, 8RXD, EV 92.5 MPH) Jimmy Groseclose to third
|
|
Batting: RHB Justin Huff
|
0-0: Ball 1-0: Fly out, F9 (Flyball, 89S, EV 90.0 MPH)
|
|
Batting: RHB Seth Tramontano
|
0-0: Called Strike 0-1: Called Strike 0-2: Foul Ball, location: 2F 0-2: Ball 1-2: Ball 2-2: Ball 3-2: Foul Ball, location: 2F 3-2: Ground out 6-3 (Groundball, 6, EV 80.6 MPH) Jimmy Groseclose scores Roger Salazar to third
|
|
Batting: RHB Josh Crenwelge
|
0-0: Ball 1-0: Fly out, F8 (Line Drive, 8RM, EV 95.0 MPH)
|
| Bottom of the 7th over - 2 runs, 2 hits, 0 errors, 1 left on base; Pittsburgh 6 - Miami 11 |
| TOP OF THE 8TH |
|
Pittsburgh Pirates batting - Pitching for Miami Marlins : LHP Paul Cantrell
|
|
Batting: RHB Mike Thornton
|
0-0: Ball 1-0: Swinging Strike 1-1: Swinging Strike 1-2: Strikes out swinging
|
|
Batting: RHB Eisse Bravenboer
|
0-0: SOLO HOME RUN (Flyball, 89XD, EV 112.5 MPH), Distance : 431 ft
|
|
Batting: RHB Mike Bates
|
0-0: Ball 1-0: Ball 2-0: Ball 3-0: Base on Balls
|
|
Batting: RHB Vincent Poopwell
|
0-0: SINGLE (Line Drive, 6D, EV 95.0 MPH) Mike Bates to second
|
|
Batting: RHB Steve Jordan
|
0-0: Ball 1-0: Ball 2-0: Called Strike 2-1: 3-RUN HOME RUN (Flyball, 7D, EV 98.1 MPH), Distance : 388 ft
|
|
Pitching: RHP Ian Newman
|
|
|
Batting: LHB Theodore Conboy
|
0-0: Called Strike 0-1: Ball 1-1: Swinging Strike 1-2: Strikes out swinging
|
|
Pinch Hitting: SHB Marvin McAleer
|
0-0: Ball 1-0: Foul Ball, location: 2F 1-1: Swinging Strike 1-2: Strikes out swinging
|
| Top of the 8th over - 4 runs, 3 hits, 0 errors, 0 left on base; Pittsburgh 10 - Miami 11 |
| BOTTOM OF THE 8TH |
|
Miami Marlins batting - Pitching for Pittsburgh Pirates : RHP Kody Mason
|
|
Pitching: RHP Ryan Sunday
|
|
|
Now at SS: Steve Jordan
|
|
|
Now in LF: Theodore Conboy
|
|
|
Now in CF: Marvin McAleer
|
|
|
Batting: RHB Eric Jordan
|
0-0: Ball 1-0: SINGLE (Groundball, 5D, EV 98.1 MPH)
|
|
Batting: RHB Jeff Garofalo
|
0-0: Bunted foul 0-1: Sac Bunt to 3S - play at first, batter OUT! 3-1 Eric Jordan to second
|
|
Batting: RHB Micah Christopher
|
0-0: Ball 1-0: Reached on error, E6 (Groundball, 6M, EV 89.4 MPH) Eric Jordan to third
|
|
Batting: LHB Andre Gorter
|
0-0: Called Strike 0-1: Ball 1-1: SINGLE (Line Drive, 34D, EV 105.0 MPH) Eric Jordan scores Micah Christopher to second
|
|
Batting: RHB Jimmy Groseclose
|
0-0: Fly out, F4 (Popup, 3D, EV 63.8 MPH)
|
|
Batting: RHB Roger Salazar
|
0-0: Called Strike 0-1: Ball 1-1: Ground out 5-3 (Groundball, 56S, EV 89.4 MPH)
|
| Bottom of the 8th over - 1 run, 2 hits, 1 error, 2 left on base; Pittsburgh 10 - Miami 12 |
| TOP OF THE 9TH |
|
Pittsburgh Pirates batting - Pitching for Miami Marlins : RHP Ian Newman
|
|
Pitching: RHP Travis Small
|
|
|
Batting: RHB Raul Mendoza
|
0-0: Swinging Strike 0-1: Called Strike 0-2: Ball 1-2: Strikes out swinging
|
|
Batting: RHB Andrew Robinson
|
0-0: Ball 1-0: Ball 2-0: Ball 3-0: Called Strike 3-1: Ground out 6-3 (Groundball, 6MD, EV 92.5 MPH)
|
|
Batting: RHB Mike Thornton
|
0-0: Fly out, F8 (Flyball, 89D, EV 98.1 MPH)
|
| Top of the 9th over - 0 runs, 0 hits, 0 errors, 0 left on base; Pittsburgh 10 - Miami 12 |
|